 Dungeon Crawl Stone Soup version 0.31.0-7-gf635a9b802 (webtiles) character file.

Game seed: 11078676790472952922

71362 stipulation the Wrestler (level 15, -3/107 HPs)
             Began as a Ghoul Monk on Jan 24, 2024.
             Was a High Priest of Wu Jian.
             Slain by a cyclops (21 damage)
             ... on level 13 of the Dungeon.
             The game lasted 00:15:44 (22523 turns).

stipulation the Wrestler (Ghoul Monk)              Turns: 22523, Time: 00:15:45

Health: -3/107     AC: 28    Str: 23    XL:     15   Next: 36%
Magic:  15/15      EV:  8    Int:  9    God:    Wu Jian [*****.]
Gold:   1521       SH:  0    Dex: 11    Spells: 14/14 levels left

rFire   + +          .
                       - Unarmed
rCold   + + .        c - orb {light}
rNeg    + + +        s - +5 plate armour {rF+}
rPois   ∞            l - +2 helmet
rElec   .            a - scarf {rC+ rF+}
rCorr   .            (no gloves)
SInv    .            n - +0 pair of boots
Will    +....        (no amulet) Stlth
                     t - +4 ring of slaying
HPRegen 0.00/turn    G - +4 ring of protection
MPRegen 0.14/turn

%: no passive effects
@: inhibited regen, glowing, studying Stealth
A: claws 1, cold resistance 1, negative energy resistance 3, inhibited
regeneration, torment resistance 2, devour on kill
a: Renounce Religion, Wall Jump, Serpent's Lash, Heavenly Storm


You were on level 13 of the Dungeon.
You worshipped Wu Jian.
Wu Jian was extremely pleased with you.
You visited 3 branches of the dungeon, and saw 20 of its levels.
You also visited: Gauntlet.

You collected 2369 gold pieces.
You spent 848 gold pieces at shops.

Inventory:

Missiles
 D - 2 throwing nets (quivered)
Armour
 a - a scarf of resistance (worn)
 c - an orb of light (worn)
 l - a +2 helmet (worn)
 n - a +0 pair of boots (worn)
 s - a +5 plate armour of fire resistance (worn)
 S - a +2 pair of gloves of stealth
Jewellery
 t - a +4 ring of slaying (left claw)
 G - a +4 ring of protection (right claw)
 J - a +6 ring of intelligence
 L - a +6 ring of dexterity
 M - a +4 ring of protection
 N - a +5 ring of evasion
 X - a ring of see invisible
Wands
 F - a wand of flame (32)
 U - a wand of roots (7)
Scrolls
 h - 4 scrolls of noise
 i - 2 scrolls of fog
 j - 2 scrolls of poison
 m - 3 scrolls of teleportation
 u - 3 scrolls of silence {unknown}
 w - 2 scrolls of revelation
 y - 2 scrolls of brand weapon {unknown}
 A - a scroll of enchant armour
 B - 3 scrolls of fear {unknown}
 C - 3 scrolls of vulnerability
 E - 3 scrolls of immolation {unknown}
 H - 4 scrolls of enchant weapon {unknown}
 K - a scroll of summoning {unknown}
 O - 2 scrolls of torment {unknown}
 R - a scroll of amnesia {unknown}
 T - 2 scrolls of blinking {unknown}
Potions
 b - 3 potions of ambrosia
 e - 4 potions of mutation
 f - 2 potions of enlightenment
 g - 11 potions of curing
 k - 5 potions of heal wounds
 o - a potion of resistance {unknown}
 p - a potion of magic {unknown}
 q - a potion of berserk rage {unknown}
 r - a potion of brilliance {unknown}
 v - 4 potions of attraction {unknown}
 x - 3 potions of invisibility
 z - a potion of lignification {unknown}
 P - 5 potions of haste {unknown}
 Q - 3 potions of degeneration {unknown}
 V - 2 potions of might {unknown}
 W - a potion of cancellation {unknown}
Miscellaneous
 d - a tin of tremorstones (2/2)
 I - a phantom mirror


   Skills:
 - Level 3.2 Fighting
 + Level 9.2 Armour
 - Level 2.6 Dodging
 + Level 25.9 Unarmed Combat


You had 14 spell levels left.
You didn't know any spells.
Your spell library contained the following spells:

 Spells                   Type           Power      Damage    Failure   Level
 Sandblast                Erth           0%         2d4       99%         1
 Static Discharge         Conj/Air       0%         3-3/arc   100%        2
 Call Canine Familiar     Summ           0%         N/A       100%        3
 Dazzling Flash           Conj/Hex       0%         N/A       100%        3
 Mephitic Cloud           Conj/Alch/Air  0%         N/A       100%        3
 Passwall                 Erth           0%         N/A       100%        3
 Sigil of Binding         Hex            0%         N/A       100%        3
 Stone Arrow              Conj/Erth      0%         3d7       100%        3
 Airstrike                Air            0%         2d(0-16)  100%        4
 Animate Armour           Summ/Erth      0%         N/A       100%        4
 Brom's Barrelling Bould  Conj/Erth      0%         2d3       100%        4
 Cause Fear               Hex            0%         N/A       100%        4
 Dimensional Bullseye     Hex/Tloc       0%         N/A       100%        4
 Summon Lightning Spire   Summ/Air       0%         N/A       100%        4
 Curse of Agony           Necr           0%         N/A       100%        5
 Fireball                 Conj/Fire      0%         3d3       100%        5
 Lee's Rapid Deconstruct  Erth           0%         3d4*      100%        5
 Silence                  Hex/Air        0%         N/A       100%        5
 Haunt                    Necr/Summ      0%         N/A       100%        7
 Dragon's Call            Summ           0%         N/A       100%        9
 Borgnjor's Revivificati  Necr           Unusable   N/A       N/A         8
 Death's Door             Necr           Unusable   N/A       N/A         9

Dungeon Overview and Level Annotations

Branches:
Dungeon (13/15)            Temple (0/1) D:5            Lair (5/5) D:9
 Shoals (0/4) Lair:2        Snake (0/4) Lair:3        Slime (0/5) Lair:4
    Orc (2/2) D:10            Elf (0/3) Orc:2       Gauntlet (visited)
 Vaults: D:13-14

Altars:
Ashenzari
Cheibriados
Dithmenos
Fedhas
Gozag
Hepliaklqana
Makhleb
Okawaru
Ru
Trog
Uskayaw
Wu Jian

Shops:
D:2 [   D:4 *   D:6 *   Orc:2 *([[:

Annotations:
Lair:3 2 transporters, Goncyn's ghost, journeyman MiBe


Innate Abilities, Weirdness & Mutations

You are immune to poison.
You have sharp fingernails.
Your flesh is cold resistant. (rC+)
You are immune to negative energy. (rN+++)
You do not regenerate when monsters are visible.
You are immune to unholy pain and torment.
You thrive by killing the living.


Message History

You are too injured to fight recklessly!
You are too injured to fight recklessly!
You are too injured to fight recklessly!
You are too injured to fight recklessly!
You are too injured to fight recklessly!
You are too injured to fight recklessly!
You are too injured to fight recklessly!
You are too injured to fight recklessly!
The sentinel's mark upon you fades away.
You claw the troll!
The troll is lightly wounded.
You claw the troll!
The troll is moderately wounded.
The troll bites you. The troll claws you but does no damage.
The troll barely misses you.
You barely miss the troll.
The troll is moderately wounded.
You mangle the troll!!
You kill the troll!
The Council accepts your kill.
A cyclops comes into view.
A cyclops is nearby!
A cyclops is nearby!
You are too injured to fight recklessly!
You are too injured to fight recklessly!
You are too injured to fight recklessly!
You are too injured to fight recklessly!
You are too injured to fight recklessly!
You are too injured to fight recklessly!
The cyclops throws a large rock.
The large rock hits you but does no damage.
The cyclops throws a large rock.
The large rock hits you!!
* * * LOW HITPOINT WARNING * * *
The cyclops barely misses you.
You mangle the cyclops!!
The cyclops is moderately wounded.
You scratch the cyclops.
The cyclops is heavily wounded.
The cyclops hits you!!
You die...

### ### #.# .$..
#.###############
....######...))..........#####
.......[$>.$.@C...............
......)).....##'###...........
.......).....#....#...........
.............#....#...........
..........>..#....#...#####...
.........#####....#...#...+...
.........# .....#...#...#.##
.....#'### ...#####.#...#.#.
.....#. ..... #.#...'.#.


You could see a cyclops.

Vanquished Creatures
  Gastronok (D:8)
  Kirke (D:12)
  A cacodemon (Gauntlet)
  An orc warlord (Orc:2)
  A minotaur (Gauntlet)
  Nessos (D:12)
  A dire elephant (Lair:5)
  A blizzard demon (Gauntlet)
  A fire dragon (Lair:5)
  A yaktaur captain (D:13)
  Josephine (D:12)
  Fannar (D:12)
  A hydra (D:13)
  2 boulder beetles
  Erica (D:10)
  8 two-headed ogres
  Urug (D:11)
  3 orc high priests (Orc:2)
  Sonja (D:10)
  Lodul (D:12)
  3 orc knights (Orc:2)
  A lindwurm (Lair:5)
  A deep elf pyromancer (D:10)
  An oklob plant (Gauntlet)
  An ugly thing (D:12)
  Maurice (D:7)
  4 orc sorcerers
  A manticore (D:11)
  4 black mambas
  2 kobold blastminers (Orc:1)
  4 rust devils (D:9)
  2 molten gargoyles (Lair:5)
  2 gargoyles
  11 cane toads
  2 unseen horrors
  2 yaktaurs (D:13)
  A kobold demonologist (D:13)
  Maggie (D:7)
  4 rime drakes
  A large abomination (Gauntlet)
  16 komodo dragons
  2 ice devils (Gauntlet)
  3 polar bears
  A red devil (D:9)
  A troll (shapeshifter) (D:13)
  Psyche (D:7)
  3 merfolk (Lair:2)
  6 trolls
  22 blink frogs
  2 hornets (D:8)
  7 dream sheep (Lair:5)
  6 slime creatures
  A shadow (D:11)
  A vampire (D:10)
  5 wraiths
  2 fire elementals (D:10)
  8 wyverns
  A warg (Orc:1)
  31 yaks
  8 basilisks
  Grum (D:8)
  3 vampire mosquitoes (D:13)
  2 neqoxecs (Gauntlet)
  4 steam dragons
  A chaos spawn (D:9)
  A naga (Lair:3)
  2 acid dragons
  14 water moccasins
  5 hell hounds (Lair:5)
  20 orc warriors
  A sky beast (D:7)
  3 ice beasts
  11 wolves
  15 ogres
  2 boggarts (D:7)
  12 centaurs
  A phantom (D:6)
  7 bullfrogs
  A gnoll sergeant (D:13)
  A scorpion (D:5)
  5 small abominations (Gauntlet)
  9 wights
  6 killer bees (D:5)
  2 electric eels
  6 howler monkeys
  5 crimson imps (D:8)
  5 lava snakes (Lair:5)
  2 bombardier beetles
  A quasit (D:9)
  2 hounds
  2 gnoll boudas
  9 orc priests
  8 jellies
  3 iguanas
  3 iron imps (D:3)
  A sleepcap (D:4)
  11 orc wizards
  5 hell rats (Lair:3)
  21 gnolls
  11 adders
  2 shadow imps (D:8)
  3 white imps
  4 ufetubi
  2 ribbon worms
  3 dart slugs
  41 orcs
  6 bats
  5 endoplasms
  A giant cockroach (D:2)
  8 goblins
  8 hobgoblins
  2 jackals (D:4)
  16 kobolds
  2 quokkas
  6 ball pythons
  4 frilled lizards (D:1)
  4 rats
547 creatures vanquished.

Vanquished Creatures (others)
  A cyclops (D:12)
  A human (D:12)
2 creatures vanquished.

Grand Total: 549 creatures vanquished

Notes
Turn   | Place    | Note
-------+----------+-------------------------------------------
     0 | D:1      | stipulation the Ghoul Monk began the quest for the Orb.
     0 | D:1      | Reached XP level 1. HP: 19/19 MP: 1/1
   182 | D:1      | Reached XP level 2. HP: 26/26 MP: 2/2
   208 | D:1      | Reached skill level 4 in Unarmed Combat
   845 | D:2      | Found Limom's Armour Emporium.
   898 | D:2      | Reached XP level 3. HP: 31/31 MP: 3/3
  1114 | D:2      | Reached skill level 5 in Unarmed Combat
  1219 | D:2      | Reached XP level 4. HP: 36/38 MP: 4/4
  1546 | D:2      | Found a faded altar of an unknown god.
  1683 | D:3      | Found a sacrificial altar of Ru.
  1891 | D:3      | Reached skill level 6 in Unarmed Combat
  1891 | D:3      | Reached XP level 5. HP: 23/45 MP: 5/5
  2014 | D:3      | Found a shadowy altar of Dithmenos.
  2150 | D:3      | Found a burning altar of Makhleb.
  2165 | D:3      | Reached skill level 7 in Unarmed Combat
  2165 | D:3      | Reached XP level 6. HP: 51/51 MP: 6/6
  2359 | D:3      | Reached skill level 8 in Unarmed Combat
  2682 | D:4      | Found a broken altar of Ashenzari.
  2740 | D:4      | Reached XP level 7. HP: 57/57 MP: 7/7
  2856 | D:4      | Found an ornate altar of the Wu Jian Council.
  2889 | D:4      | Found Fiostreu's Neck Hole.
  2919 | D:4      | Became a worshipper of the Wu Jian Council
  2919 | D:4      | Reached * piety under Wu Jian
  2919 | D:4      | Reached ** piety under Wu Jian
  3511 | D:5      | Entered Level 5 of the Dungeon
  3514 | D:5      | Reached skill level 9 in Unarmed Combat
  3621 | D:5      | Reached skill level 10 in Unarmed Combat
  3653 | D:5      | Found a blossoming altar of Fedhas.
  3762 | D:5      | Reached XP level 8. HP: 63/63 MP: 8/8
  3774 | D:5      | Found a staircase to the Ecumenical Temple.
  4086 | D:5      | Reached skill level 11 in Unarmed Combat
  4524 | D:6      | Found Uprivikh's Serpentskin Sales.
  4556 | D:6      | Bought a scroll of poison for 48 gold pieces
  4585 | D:6      | Reached skill level 12 in Unarmed Combat
  4603 | D:6      | Reached *** piety under Wu Jian
  4755 | D:6      | Reached XP level 9. HP: 61/70 MP: 9/9
  4921 | D:7      | Found a hide-covered altar of Uskayaw.
  4922 | D:7      | Noticed Maurice
  4938 | D:6      | Reached skill level 13 in Unarmed Combat
  5077 | D:7      | Maurice stole a +4 ring of protection
  5095 | D:7      | Killed Maurice
  5181 | D:7      | Found a hazy altar of Hepliaklqana.
  5543 | D:7      | Reached skill level 14 in Unarmed Combat
  5592 | D:7      | Noticed Maggie
  5605 | D:7      | Killed Maggie
  5775 | D:7      | Found an opulent altar of Gozag.
  5885 | D:7      | Noticed a two-headed ogre
  5885 | D:7      | Noticed a two-headed ogre
  5894 | D:7      | Killed a two-headed ogre
  5894 | D:7      | Reached skill level 15 in Unarmed Combat
  5894 | D:7      | Reached XP level 10. HP: 52/77 MP: 10/10
  5895 | D:7      | Killed a two-headed ogre
  5896 | D:7      | Reached skill level 16 in Unarmed Combat
  6108 | D:8      | Noticed Psyche
  6112 | D:8      | Noticed Gastronok
  6125 | D:7      | Killed Psyche
  6710 | D:8      | Killed Gastronok
  6711 | D:8      | Reached skill level 17 in Unarmed Combat
  6716 | D:8      | Reached XP level 11. HP: 58/82 MP: 11/11
  6717 | D:8      | Noticed Grum
  6727 | D:8      | HP: 1/82 [Grum/-2 halberd (25)]
  6728 | D:8      | Killed Grum
  6731 | D:8      | Reached **** piety under Wu Jian
  7005 | D:8      | Found an iron altar of Okawaru.
  7039 | D:8      | Reached skill level 18 in Unarmed Combat
  7253 | D:8      | Found a snail-covered altar of Cheibriados.
  7457 | D:9      | Reached skill level 1 in Armour
  8298 | D:9      | Noticed a two-headed ogre
  8307 | D:9      | Killed a two-headed ogre
  8329 | D:9      | Found a staircase to the Lair.
  8715 | D:10     | Entered Level 10 of the Dungeon
  8754 | D:10     | Reached skill level 5 in Armour
  8758 | D:10     | Reached skill level 19 in Unarmed Combat
  8849 | D:10     | Found a bloodstained altar of Trog.
  8873 | D:10     | Noticed Sonja
  8881 | D:10     | Killed Sonja
  8912 | D:10     | Reached XP level 12. HP: 89/89 MP: 12/12
  9456 | D:10     | Found a staircase to the Orcish Mines.
  9532 | D:10     | Noticed Erica
  9533 | D:10     | Noticed a two-headed ogre
  9540 | D:10     | Killed Erica
  9543 | D:10     | Killed a two-headed ogre
  9545 | D:10     | Reached ***** piety under Wu Jian
  9723 | D:10     | Noticed a two-headed ogre
  9732 | D:10     | Killed a two-headed ogre
  9733 | D:10     | Reached skill level 20 in Unarmed Combat
 10606 | D:11     | Noticed Urug
 10606 | D:11     | Noticed a two-headed ogre
 10611 | D:11     | Killed a two-headed ogre
 10617 | D:11     | Killed Urug
 11445 | Lair:1   | Entered Level 1 of the Lair of Beasts
 11733 | Lair:1   | Reached skill level 21 in Unarmed Combat
 12450 | Lair:2   | Reached XP level 13. HP: 92/94 MP: 13/13
 12779 | Lair:2   | Identified the +0 chain mail "Noqoshript" {rF+ rC+ rN+}
 12829 | Lair:2   | Reached skill level 22 in Unarmed Combat
 12963 | Lair:2   | Found a staircase to the Shoals.
 14219 | Lair:3   | Found a staircase to the Snake Pit.
 14714 | Lair:3   | Found a transporter.
 14719 | Lair:3   | Found a transporter.
 14720 | Lair:3   | Noticed Goncyn's ghost (journeyman MiBe)
 14981 | Lair:4   | Reached skill level 23 in Unarmed Combat
 15378 | D:4      | Bought a scarf of resistance for 320 gold pieces
 15819 | Lair:4   | Found a staircase to the Slime Pits.
 16401 | Lair:5   | Entered Level 5 of the Lair of Beasts
 16484 | Lair:5   | Noticed a dire elephant
 16493 | Lair:5   | Killed a dire elephant
 16922 | Orc:1    | Entered Level 1 of the Orcish Mines
 17058 | Orc:2    | Entered Level 2 of the Orcish Mines
 17073 | Orc:2    | Found a staircase to the Elven Halls.
 17095 | Orc:2    | Reached XP level 14. HP: 102/102 MP: 14/14
 17147 | Orc:2    | Found Julicwoc's Antique Weapon Shop.
 17153 | Orc:2    | Reached skill level 24 in Unarmed Combat
 17269 | Orc:2    | Found Kofonefa's Book Emporium.
 17576 | Orc:2    | Noticed an orc warlord
 17576 | Orc:2    | Found Math's Antique Armour Shoppe.
 17859 | Orc:2    | Found Fum Cyro's General Store.
 17878 | Orc:2    | Found Kidaban's Armour Emporium.
 17882 | Orc:2    | Killed an orc warlord
 18368 | Orc:2    | Bought a +0 plate armour of fire resistance for 480 gold
                  | pieces
 18934 | Lair:5   | Found a large runed translucent door.
 18934 | Lair:5   | Found a large runed translucent door.
 18940 | Lair:5   | Reached skill level 25 in Unarmed Combat
 20360 | D:12     | Noticed Kirke
 20365 | D:12     | Killed Kirke
 20411 | D:12     | Noticed Nessos
 20422 | D:12     | Killed Nessos
 20437 | D:12     | Found a gate leading to a gauntlet.
 20445 | Gauntlet | Entered a Gauntlet
 20445 | Gauntlet | Found a transporter.
 20445 | Gauntlet | Found a runed translucent door.
 20446 | Gauntlet | Found a runed translucent door.
 20452 | Gauntlet | Found a transporter.
 20455 | Gauntlet | Found a transporter.
 20456 | Gauntlet | Found a transporter.
 20465 | Gauntlet | Found a transporter.
 20467 | Gauntlet | Found a transporter.
 20468 | Gauntlet | Found a transporter.
 20476 | Gauntlet | Found a runed translucent door.
 20480 | Gauntlet | Found a transporter.
 20481 | Gauntlet | Found a transporter.
 20484 | Gauntlet | Found a transporter.
 20489 | Gauntlet | Found a transporter.
 20492 | Gauntlet | Found a transporter.
 20493 | Gauntlet | Found a transporter.
 20499 | Gauntlet | Noticed a cacodemon
 20501 | Gauntlet | Found a transporter.
 20674 | Gauntlet | Identified the +1 hat of the Unseen Realm {MP+9 Str+2}
 20854 | Gauntlet | Identified the +1 ring mail "Coliag" {rF+}
 20960 | Gauntlet | Killed a cacodemon
 20967 | Gauntlet | Identified the +1 cloak "Syawiliff" {^Drain Will- Int+3
                  | Stlth+}
 21039 | Gauntlet | Found the +10 Black Knight's barding {ponderous, rPois rN+}
 21046 | Gauntlet | Reached XP level 15. HP: 83/107 MP: 15/15
 21111 | Gauntlet | Identified the +1 lajatang "Zoomuz" {freeze, +Blink rC-
                  | rCorr Dex+3}
 21197 | D:12     | Noticed Fannar
 21209 | D:12     | Killed Fannar
 21445 | D:12     | Noticed Josephine
 21457 | D:12     | Killed Josephine
 21848 | D:12     | Noticed Lodul
 21857 | D:12     | Killed Lodul
 22523 | D:13     | Slain by a cyclops

Illustrated notes

Levels and vault maps discovered:
D:1:      psy_arrival_dodecagon, layout_basic
D:2:      layout_loops_cross, shapermc_ecumenical_altar_petra, serial_shops,
          shop, minmay_vboxes
D:3:      cheibrodos_pilgrimage, layout_basic, nicolae_ru_sacrificial_ziggurat,
          demons_altar, nicolae_dithmenos_shadow_blocks
D:4:      layout_basic, nicolae_wu_jian_immortal_techniques,
          cheibrodos_ashenzari_chains, nicolae_shop_sticking_my_neck_out
D:5:      layout_loops_ring, fedhas_altar_4, minmay_temple_entry_stoned_glass,
          minivault_24
D:6:      layout_gridville, guppyfry_shop_venom
D:7:      layout_loops_ring, nicolae_gozag_cash_rules_everything_around_me,
          mainiacjoe_overflow_catwalk, lemuel_crystal_altar,
          nicolae_phantomly_mirrored, uniq_maurice, uniq_maggie
D:8:      layout_cave_pods, mainiacjoe_overflow_brackets,
          mainiacjoe_overflow_surrounded_room, grunt_ministairs_10,
          minmay_nine_imps, uniq_psyche, uniq_gastronok, uniq_grum
D:9:      layout_loops_ring, tso_oasis_becter, david_lair_shrubbed,
          serial_demonic, serial_demonic_g, serial_demonic_a, serial_demonic_b,
          serial_demonic_a
D:10:     layout_loops_corners, trog_three_pillars_becter, orc_0_dummy,
          nicolae_concentric_dashed_squares_mild,
          dilly_guarded_unrand_elemental_staff, uniq_sonja, uniq_erica
D:11:     layout_basic, uniq_urug
D:12:     layout_basic, gauntlet_entry_generic, uniq_kirke, uniq_nessos,
          uniq_fannar, uniq_josephine, uniq_lodul
D:13:     layout_irregular_city, david_vaults_2
Lair:1:   layout_cave_pods, grunt_megastairs_5
Lair:2:   layout_cave_pods, mainiacjoe_shoals_entry_four_pools
Lair:3:   layout_roguey, guppyfry_snake_entry_island, gammafunk_ghost_hive,
          fungi_pond_lemuel, st_stairs_6
Lair:4:   layout_regular_city, dpeg_slime_entry_enclosed, grunt_megastairs_4
Lair:5:   cheibrodos_lair_end_hotspot, layout_layer_cave
Orc:1:    layout_diamond_mine, serial_shops, shop, uniq_nergalle
Orc:2:    grunt_orc_gardens, layout_caves, grunt_orc_garden, grunt_orc_garden,
          grunt_orc_garden, grunt_orc_garden, serial_shops, shop

Skill      XL: |  1  2  3  4  5  6  7  8  9 10 11 12 13 14 15 |
---------------+----------------------------------------------+-----
Unarmed Combat | 4 5 6 7 8 10 12 15 17 19 21 23 25 | 25.9
Armour         | 5 6 8 9 |  9.2
Fighting       | |  3.2
Dodging        | |  2.6

Action                     |  1- 3 |  4- 6 |  7- 9 | 10-12 | 13-15 || total
---------------------------+-------+-------+-------+-------+-------++-------
  Melee: Unarmed           |    95 |   118 |   231 |   399 |   818 ||  1661
 Invoke: Serpent's Lash    |       |       |     1 |     3 |     7 ||    11
         Heavenly Storm    |       |       |       |       |     1 ||     1
Ability: Lunge             |       |       |    14 |    34 |    66 ||   114
         Whirlwind         |       |       |    17 |    38 |   109 ||   164
         Wall Jump         |       |       |       |     2 |     2 ||     4
    Use: Scroll            |       |       |     2 |     6 |    10 ||    18
         Potion            |       |       |       |       |     2 ||     2
 Armour: Robe              |    41 |     4 |       |       |       ||    45
         Ring mail         |       |    42 |   130 |    92 |       ||   264
         Chain mail        |       |       |       |   146 |   158 ||   304
         Plate armour      |       |       |       |       |   418 ||   418
  Dodge: Dodged            |    63 |    45 |   106 |   133 |   187 ||   534
